 Dungeon Sprint DCSS version 0.28.0-43-g3370ac3207 (webtiles) character file.

Game seed: 3394558578888227334

5091 boopmooplesden the Fencer (level 10, -2/111 HPs)
             Began as a Minotaur Berserker on Mar 13, 2022.
             Was the Champion of Trog.
             Succumbed to a +4 war axe of venom's poison
             ... in the Dungeon (Sprint V: "Ziggurat Sprint") on Mar 14, 2022.
             The game lasted 00:05:04 (1115 turns).

boopmooplesden the Fencer (Minotaur Berserker)      Turns: 1115, Time: 00:05:04

Health: -2/111     AC: 29    Str: 39    XL:     10   Next: 32%
Magic:  1/9        EV:  9    Int:  6    God:    Trog [******]
Gold:   0          SH: 24    Dex: 18    Spells: 9/9 levels left

rFire   . . .      SeeInvis .   K - +6 long sword of Afeint {drain, *Noise rElec Str+8 Dex+3}
rCold   . . .      Faith    .   J - +8 tower shield "Kiewiomo" {Fly rN+ Will+}
rNeg    + . .      Spirit   +   i - +15 Maxwell's patent armour {-Cast -Tele rElec Will+ rCorr}
rPois   .          Reflect  .   (helmet unavailable)
rElec   +          Harm     .   (no cloak)
rCorr   +          Rampage  +   (no gloves)
Will    ++...      NoTele   +   (no boots)
Stlth   .......... NoCast   +   H - amulet "Ushruonod" {Spirit Rampage}
HPRegen 0.28/turn               q - +6 ring of strength
MPRegen 0.11/turn               m - +6 ring of dexterity

@: lethally poisoned (-2 -> -35), flying, studying Fighting
A: horns 3, retaliatory headbutt
a: Renounce Religion, Berserk, Trog's Hand, Brothers in Arms


You were in the Dungeon.
You worshipped Trog.
Trog was exalted by your worship.
You visited 1 branch

Inventory:

Hand Weapons
 a - a +0 falchion
 k - the +11 plutonium sword {Contam Stlth-}
   (You found it in the Dungeon)

   It occasionally inflicts wild transmutation effects on those it strikes,
   inflicting malmutation or extra damage, or polymorphing them into a new form.
   Contam:    It causes magical contamination when unequipped.
   Stlth:     It makes you less stealthy.
 E - a +5 triple sword
 K - the +6 long sword of Afeint (weapon) {drain, *Noise rElec Str+8 Dex+3}
   (You found it in the Dungeon)

   A truly terrible weapon, it drains the life of any living foe it strikes.
   Str:       It affects your strength (+8).
   Dex:       It affects your dexterity (+3).
   rElec:     It insulates you from electricity.
   *Noise:    It may make noises in combat.
Armour
 b - a +0 animal skin
 i - the +15 Maxwell's patent armour (worn) {-Cast -Tele rElec Will+ rCorr}
   (You found it in the Dungeon)

   rElec:     It insulates you from electricity.
   -Cast:     It prevents spellcasting.
   -Tele:     It prevents most forms of teleportation.
   rCorr:     It protects you from acid and corrosion.
   Will:      It increases your willpower.
 j - the +18 shield of the Gong {rElec rN+ Will+ EV-5}
   (You found it in the Dungeon)

   It is deafeningly noisy when blocking attacks.
   EV:        It affects your evasion (-5).
   rElec:     It insulates you from electricity.
   rN:        It protects you from negative energy.
   Will:      It increases your willpower.
 J - the +8 tower shield "Kiewiomo" (worn) {Fly rN+ Will+}
   (You found it in the Dungeon)

   rN:        It protects you from negative energy.
   Fly:       It grants you flight.
   Will:      It increases your willpower.
Jewellery
 l - a ring of flight
 m - a +6 ring of dexterity (right hand)
 n - a +6 ring of dexterity
 o - a +6 ring of intelligence
 p - a +6 ring of intelligence
 q - a +6 ring of strength (left hand)
 r - a +6 ring of strength
 F - the ring "Zoakeph" {rC+ Will+}
   (You found it in the Dungeon)

   [ring of willpower]

   rC:        It protects you from cold.
   Will:      It increases your willpower.
 G - the ring "Sehy" {rC+ Str-5 Int+5}
   (You found it in the Dungeon)

   [ring of protection from cold]

   Str:       It affects your strength (-5).
   Int:       It affects your intelligence (+5).
   rC:        It protects you from cold.
 H - the amulet "Ushruonod" (around neck) {Spirit Rampage}
   (You found it in the Dungeon)

   [amulet of guardian spirit]

   It causes incoming damage to be divided between your reserves of health and
   magic.
   Rampage:   It bestows one free step when moving towards enemies.
 N - a ring of poison resistance
Wands
 s - a wand of mindburst (7)
 t - a wand of iceblast (7)
 u - a wand of acid (7)
Scrolls
 h - 4 scrolls of blinking
 w - 7 scrolls of fog
 x - a scroll of holy word
 y - 5 scrolls of identify
 z - 2 scrolls of fear
 I - 4 scrolls of enchant armour
Potions
 c - 10 potions of curing
 d - 9 potions of heal wounds
 e - 6 potions of haste
 f - 7 potions of magic
 g - 3 potions of berserk rage
 A - 2 potions of invisibility
 B - 4 potions of resistance
 C - a potion of experience
 D - 5 potions of might
Miscellaneous
 v - a lightning rod (1/4)
 L - a condenser vane (inert)
 M - a condenser vane (inert)


   Skills:
 + Level 17.4 Fighting
 + Level 19.8 Long Blades
 + Level 10.9 Armour
 + Level 6.7 Dodging
 + Level 1.8 Stealth
 + Level 7.1 Shields
 + Level 0.4 Evocations


You had 9 spell levels left.
You didn't know any spells.
Your spell library was empty.

Dungeon Overview and Level Annotations

Branches:
Dungeon (1/1)

Altars:
Ashenzari
Cheibriados
Dithmenos
Elyvilon
Fedhas
Gozag
Hepliaklqana
Kikubaaqudgha
Makhleb
Nemelex Xobeh
Okawaru
Qazlal
Ru
Sif Muna
Trog
Uskayaw
Vehumet
Wu Jian
Xom
Yredelemnul
Zin
The Shining One
Beogh
Jiyva
Lugonu


Innate Abilities, Weirdness & Mutations

You have a pair of large horns on your head.
You reflexively headbutt those who attack you in melee.


Message History

The deep elf knight is empowered by the deep elf high priest's aura!
The deep elf archer is empowered by the deep elf high priest's aura!
Aiming: Thunderbolt
Press: ? - help, Shift-Dir - straight line, f - deep elf annihilator, p - deep elf archer
Aim: a deep elf annihilator, wielding a +0 rapier (spells empowered)
The thunderbolt hits the deep elf annihilator!
The deep elf annihilator is moderately wounded.
The thunderbolt hits the +4 war axe of venom.
The +4 war axe of venom completely resists.
The thunderbolt hits the deep elf archer!
The deep elf archer is moderately wounded.
You feel very sick.
The deep elf archer casts a spell at you.
You resist with almost no effort.
The deep elf knight casts a spell.
The deep elf knight flickers and vanishes!
Deactivating autopickup; reactivate with Ctrl-A.
The deep elf high priest shoots an arrow.
You block the arrow.
The deep elf annihilator points at you and mumbles some strange words.
The bolt of lightning misses the +4 war axe of venom.
The bolt of lightning hits you! You resist.
* * * LOW HITPOINT WARNING * * *
The bolt of lightning hits you! You resist.
* * * LOW HITPOINT WARNING * * *
Unknown command.
You miss the +4 war axe of venom.
You feel very sick. The +4 war axe of venom hits you!
* * * LOW HITPOINT WARNING * * *
You are more poisoned.
The deep elf archer shoots an arrow.
You block the arrow. The +4 war axe of venom hits you.
* * * LOW HITPOINT WARNING * * *
You are more poisoned.
The deep elf archer shoots an arrow.
You block the arrow.
You slash the +4 war axe of venom!
Your headbutt misses the +4 war axe of venom.
The +4 war axe of venom is heavily damaged.
You die...

▓..)|.[|..▓
▓§§§§§§§..▓...).[:..▓
▓§§e§§§§..▓.........▓
▓....§§§..▓.........▓
▓........e▓.........▓
▓.........▓....)....▓
▓.........▓.▓.....▓.▓
▓.▓....(▓.▓....©....▓
▓....©..@.▓▓▓▓▓▓▓▓▓▓▓
▓▓▓▓▓▓▓▓▓▓▓


You could see a deep elf archer (empowered, repels missiles), a deep elf high
priest (brilliance aura) and a +4 war axe of venom.

Vanquished Creatures
  A large abomination (D)
  2 eyes of devastation (D)
  A polar bear (D)
  2 merfolk (D)
  4 wind drakes (D)
  3 slime creatures (D)
  5 air elementals (D)
  A hell hound (D)
  2 floating eyes (D)
  2 orc warriors (D)
  An ice beast (D)
  3 centaurs (D)
  A phantom (D)
  2 small abominations (D)
  A crimson imp (D)
  A quasit (D)
  3 iron imps (D)
  4 orc priests (D)
  2 jellies (D)
  4 orc wizards (D)
  2 ufetubi (D)
  2 adder zombies (D)
  An orc (D)
  A bat zombie (D)
  An endoplasm (D)
  A ball python zombie (D)
  A giant cockroach zombie (D)
54 creatures vanquished.

Notes
Turn   | Place    | Note
-------+----------+-------------------------------------------
     0 | D        | boopmooplesden the Minotaur Berserker began the quest for
                  | the Orb.
     0 | D        | Reached XP level 1. HP: 19/19 MP: 0/0
     2 | D        | Found a blossoming altar of Fedhas.
     2 | D        | Found the +6 Majin-Bo {vamp, MP+6 Int+6}
     2 | D        | Found the +9 heavy crossbow "Sniper" {vorpal, Acc+∞ SInv}
     2 | D        | Found the +10 dark maul {vorpal}
     2 | D        | Found the +15 Maxwell's patent armour {-Cast -Tele rElec
                  | Will+ rCorr}
     2 | D        | Found the +18 shield of the Gong {rElec rN+ Will+ EV-5}
     2 | D        | Found the +14 obsidian axe {vorpal, Mesm Drain Fly SInv}
     2 | D        | Found the +7 great mace "Firestarter" {inner flame, rF++}
     2 | D        | Found the +6 shillelagh "Devastator" {shatter}
     2 | D        | Found the +11 plutonium sword {Contam Stlth-}
     2 | D        | Found the +8 lance "Wyrmbane" {slay drac, rPois rF+ rC+
                  | AC+3}
     2 | D        | Found the +9 sword of Zonguldrok {reap}
     2 | D        | Found the +13 scythe of Curses {drain, Drain}
     2 | D        | Found the +5 sword of Power {vorpal}
     2 | D        | Found the +7 mace of Variability {chain chaos}
     2 | D        | Found the +7 Singing Sword {vorpal, sonic wave}
     2 | D        | Found the +8 storm bow {elec, penet}
     3 | D        | Found a transporter.
     3 | D        | Found a viscous altar of Jiyva.
     3 | D        | Found an ancient bone altar of Kikubaaqudgha.
     3 | D        | Found a hazy altar of Hepliaklqana.
     3 | D        | Found a corrupted altar of Lugonu.
     3 | D        | Found an opulent altar of Gozag.
     3 | D        | Found a burning altar of Makhleb.
     4 | D        | Found a sacrificial altar of Ru.
     4 | D        | Found a stormy altar of Qazlal.
     4 | D        | Found a shimmering blue altar of Sif Muna.
     4 | D        | Found an iron altar of Okawaru.
     4 | D        | Found a bloodstained altar of Trog.
     4 | D        | Found a sparkling altar of Nemelex Xobeh.
    68 | D        | Entered arena 2.
    68 | D        | Noticed an ice beast
    68 | D        | Noticed a polar bear
    68 | D        | Found a transporter.
    72 | D        | Killed a polar bear
    73 | D        | Reached skill level 9 in Long Blades
    73 | D        | Reached XP level 2. HP: 37/37 MP: 1/1
    73 | D        | Reached XP level 3. HP: 42/42 MP: 2/2
    73 | D        | Reached XP level 4. HP: 50/50 MP: 3/3
    73 | D        | Reached XP level 5. HP: 57/57 MP: 4/4
    74 | D        | Killed an ice beast
    75 | D        | Reached skill level 10 in Fighting
    75 | D        | Reached skill level 10 in Long Blades
    75 | D        | Reached skill level 5 in Armour
    75 | D        | Reached XP level 6. HP: 66/66 MP: 5/5
   111 | D        | Entered arena 3.
   111 | D        | Found a transporter.
   113 | D        | Reached ** piety under Trog
   118 | D        | Reached skill level 11 in Long Blades
   118 | D        | Reached skill level 5 in Dodging
   125 | D        | Got the ring "Zoakeph" {rC+ Will+}
   127 | D        | Entered arena 4.
   127 | D        | Found a transporter.
   132 | D        | Reached *** piety under Trog
   137 | D        | Reached skill level 12 in Long Blades
   143 | D        | Entered arena 5.
   143 | D        | Noticed a floating eye
   143 | D        | Noticed a slime creature
   143 | D        | Found a transporter.
   144 | D        | Paralysed by a floating eye for 2 turns
   148 | D        | Killed a slime creature
   148 | D        | Reached **** piety under Trog
   148 | D        | Paralysed by a floating eye for 2 turns
   149 | D        | Reached skill level 13 in Long Blades
   149 | D        | Reached XP level 7. HP: 61/77 MP: 6/6
   159 | D        | Got the ring "Sehy" {rC+ Str-5 Int+5}
   163 | D        | Entered arena 6.
   163 | D        | Found a transporter.
   166 | D        | Reached ***** piety under Trog
   167 | D        | Reached skill level 14 in Long Blades
   178 | D        | Got the amulet "Ushruonod" {Spirit Rampage}
   223 | D        | Entered arena 7.
   223 | D        | Noticed an eye of devastation
   223 | D        | Noticed a slime creature
   223 | D        | Noticed an eye of devastation
   223 | D        | Noticed a slime creature
   224 | D        | Found a transporter.
   228 | D        | Killed a slime creature
   229 | D        | Reached XP level 8. HP: 86/86 MP: 7/7
   230 | D        | Killed an eye of devastation
   231 | D        | Reached skill level 15 in Long Blades
   231 | D        | Paralysed by a floating eye for 4 turns
   239 | D        | Killed an eye of devastation
   240 | D        | Reached skill level 16 in Long Blades
   243 | D        | Killed a slime creature
   243 | D        | Received a gift from Trog
   244 | D        | Reached XP level 9. HP: 93/96 MP: 5/8
   262 | D        | Entered arena 8.
   262 | D        | Noticed a wind drake
   262 | D        | Noticed a merfolk
   262 | D        | Noticed a merfolk
   266 | D        | Found a transporter.
   269 | D        | Killed a merfolk
   269 | D        | Reached ****** piety under Trog
   270 | D        | Reached skill level 17 in Long Blades
   273 | D        | Killed a wind drake
   274 | D        | Reached skill level 15 in Fighting
   275 | D        | Reached skill level 18 in Long Blades
   275 | D        | Killed a merfolk
   289 | D        | Got the +8 tower shield "Kiewiomo" {Fly rN+ Will+}
   292 | D        | Got the +6 long sword of Afeint {drain, *Noise rElec Str+8
                  | Dex+3}
   296 | D        | Gained mutation: You have a pair of large horns on your
                  | head. [mutagenic glow]
   525 | D        | Entered arena 9.
   526 | D        | Found a transporter.
   537 | D        | Reached skill level 19 in Long Blades
   537 | D        | Received a gift from Trog
   538 | D        | Reached skill level 1 in Shields
   559 | D        | Entered arena 10.
   559 | D        | Noticed a wind drake
   559 | D        | Noticed a wind drake
   559 | D        | Noticed a wind drake
   559 | D        | Paralysed by an air elemental for 1 turns
   561 | D        | Found a transporter.
   562 | D        | Paralysed by an air elemental for 1 turns
   565 | D        | Paralysed by an air elemental for 1 turns
   569 | D        | Paralysed by an air elemental for 1 turns
   573 | D        | Killed a wind drake
   574 | D        | Paralysed by an air elemental for 1 turns
   579 | D        | Received a gift from Trog
   580 | D        | Reached skill level 1 in Stealth
   580 | D        | Reached XP level 10. HP: 14/110 MP: 1/9
   587 | D        | Reached skill level 10 in Armour
   592 | D        | Reached skill level 5 in Shields
  1037 | D        | Entered arena 11.
  1037 | D        | Noticed a large abomination
  1038 | D        | Found a transporter.
  1051 | D        | Killed a large abomination
  1051 | D        | Received a gift from Trog
  1106 | D        | Entered arena 12.
  1106 | D        | Noticed a deep elf high priest
  1106 | D        | Noticed a deep elf annihilator
  1106 | D        | Noticed a deep elf master archer
  1106 | D        | Noticed a deep elf pyromancer
  1106 | D        | Noticed a deep elf archer
  1106 | D        | Noticed a deep elf knight
  1106 | D        | Noticed a deep elf pyromancer
  1108 | D        | Noticed a +4 war axe of venom
  1114 | D        | HP: 5/111 [+4 war axe of venom (5)]
  1115 | D        | Succumbed to a +4 war axe of venom's poison

Illustrated notes

Levels and vault maps discovered:
D:        sprint_v [room_start, room_1, room_2, room_3, room_4, room_5, room_6,
          room_7, room_8, room_9, room_10, room_11, room_12, room_13, room_14,
          room_15, room_16, room_17, room_18, room_19, room_20, room_21,
          room_22, room_23, room_24, room_25, room_26, room_27]

Skill      XL: |  1  2  3  4  5  6  7  8  9 10 |
---------------+-------------------------------+-----
Fighting       | 9 10 12 13 14 16 17 | 17.4
Long Blades    | 9 10 13 14 16 19 | 19.8
Armour         | 4 5 6 7 9 10 | 10.9
Dodging        | 4 5 6 |  6.7
Shields        | 3 7 |  7.1
Stealth        | 1 |  1.8
Evocations     | |  0.4

Action                   |  1- 3 |  4- 6 |  7- 9 | 10-12 || total
-------------------------+-------+-------+-------+-------++-------
Melee: Triple sword      |     2 |    19 |    32 |       ||    53
       Headbutt          |       |       |     6 |     4 ||    10
       Long sword        |       |       |    27 |    30 ||    57
Invok: Berserk           |     1 |       |     3 |     1 ||     5
Evoke: Condenser vane    |       |       |     1 |     1 ||     2
       Lightning rod     |       |       |       |     3 ||     3
  Use: Potion            |       |       |     1 |       ||     1
 Stab: Confused          |       |       |     1 |       ||     1
Armor: Plate armour      |     4 |    25 |   115 |    32 ||   176
Dodge: Dodged            |     6 |    10 |    46 |    10 ||    72
Block: Tower shield      |       |       |    48 |    73 ||   121
